 Dungeon Crawl Stone Soup version 0.30.0-30-g96aa6591b8 (webtiles) character file.

Game seed: 8867465940993367759

10546 GeoRichter the Carver (level 11, -5/66 HPs)
             Began as a Tengu Reaver on June 29, 2023.
             Was an Elder of Makhleb.
             Slain by a polar bear (20 damage)
             ... on level 1 of the Lair of Beasts.
             The game lasted 00:23:21 (9765 turns).

GeoRichter the Carver (Tengu Reaver)                Turns: 9765, Time: 00:23:22

Health: -5/66      AC: 10    Str: 12    XL:     11   Next: 63%
Magic:  17/17      EV: 17    Int: 16    God:    Makhleb [****..]
Gold:   502        SH:  6    Dex: 23    Spells: 12/15 levels left

rFire   . . .        n - +3 short sword (speed)
rCold   . . .        l - +0 buckler
rNeg    + + .        a - +0 swamp dragon scales
rPois   +            (helmet restricted)
rElec   .            (no cloak)
rCorr   .            k - +2 pair of gloves {Dex+3}
SInv    .            (boots unavailable)
Will    .....        B - amulet of the Shining Light {RegenMP rN+ Dex+5}
Stlth   +            r - ring of wizardry
HPRegen 0.31/turn    F - ring of positive energy
MPRegen 0.55/turn

%: wizardry (x1)
@: flying quickly and evasively, quick
A: beak, talons 3, nimble flight
a: Renounce Religion, Minor Destruction, Lesser Servant of Makhleb, Major
Destruction


You were on level 1 of the Lair of Beasts.
You worshipped Makhleb.
Makhleb was greatly pleased with you.
You visited 2 branches of the dungeon, and saw 11 of its levels.
You also visited: Ossuary.

You collected 502 gold pieces.

Inventory:

Hand Weapons
 n - a +3 short sword of speed (weapon)
   (You took it off a kobold on level 2 of the Dungeon)
 x - a +2 rapier of holy wrath
   (You took it off Eustachio on level 5 of the Dungeon)
 L - a +1 scimitar
   (You took it off a wight on level 8 of the Dungeon)
Armour
 a - +0 swamp dragon scales (worn)
   (You took it off Maggie on level 7 of the Dungeon)
 k - a +2 pair of gloves of dexterity (worn)
   (You acquired it on level 6 of the Dungeon)
 l - a +0 buckler (worn)
   (You found it on level 2 of the Dungeon)
 C - +0 steam dragon scales
   (You found it on level 6 of the Dungeon)
Jewellery
 r - a ring of wizardry (left hand)
   (You found it on level 4 of the Dungeon)
 B - the amulet of the Shining Light (around neck) {RegenMP rN+ Dex+5}
   (You acquired it on level 6 of the Dungeon)

   [amulet of magic regeneration]

   It increases your rate of magic regeneration.
   Dex:       It affects your dexterity (+5).
   rN:        It protects you from negative energy.
 F - a ring of positive energy (right hand)
   (You found it on level 7 of the Dungeon)
Wands
 u - a wand of polymorph (9)
   (You found it on level 8 of the Dungeon)
 w - a wand of flame (19)
   (You took it off Eustachio on level 5 of the Dungeon)
 K - a wand of digging (5)
   (You found it on level 8 of the Dungeon)
 M - a wand of roots (4)
   (You found it on level 8 of the Dungeon)
Scrolls
 b - a scroll of enchant armour
 c - 2 scrolls of amnesia
 e - a scroll of blinking {unknown}
 f - a scroll of torment {unknown}
 g - a scroll of poison {!r}
 q - a scroll of fog {unknown}
 s - 3 scrolls of enchant weapon
 t - a scroll of noise {unknown}
 v - 2 scrolls of identify {@r1}
 y - 2 scrolls of vulnerability {!r}
 z - 3 scrolls of teleportation {unknown}
 D - a scroll of butterflies {unknown}
 E - a scroll of brand weapon {unknown}
 H - a scroll of immolation {unknown}
 J - 2 scrolls of magic mapping {unknown}
Potions
 d - 6 potions of heal wounds {@q2}
 h - 5 potions of haste {@q3}
 i - 3 potions of might
 j - 6 potions of mutation {unknown}
 m - a potion of attraction {unknown}
 p - 7 potions of curing {@q1}
 A - a potion of lignification {unknown}
 G - a potion of invisibility
 I - a potion of ambrosia {unknown}


   Skills:
 + Level 6.4 Fighting
 * Level 13.0 Long Blades
 - Level 3.2 Polearms
 + Level 6.9 Dodging
 - Level 4.0 Shields
 - Level 2.9 Spellcasting
 - Level 6.0 Conjurations
 + Level 7.7 Invocations


You had 12 spell levels left.
You knew the following spells:

 Your Spells              Type           Power      Damage    Failure   Level
a - Kiss of Death         Conj/Necr      48%        2d9       7%          1
b - Momentum Strike       Conj/Tloc      24%        3d8       11%         2

Your spell library contained the following spells:

 Spells                   Type           Power      Damage    Failure   Level
 Foxfire                  Conj/Fire      48%        2x1d6     7%          1
 Hailstorm                Conj/Ice       12%        3d5       21%         3
 Fulminant Prism          Conj/Hex       6%         3d7       52%         4
 Iskenderun's Mystic Bla  Conj/Tloc      12%        2d5       52%         4
 Call Canine Familiar     Summ           2%         N/A       56%         3
 Gell's Gravitas          Tloc           2%         N/A       56%         3
 Portal Projectile        Hex/Tloc       4%         N/A       56%         3
 Teleport Other           Tloc           2%         N/A       56%         3
 Volatile Blastmotes      Fire/Tloc      4%         2d10      56%         3
 Fireball                 Conj/Fire      6%         3d5       86%         5
 Anguish                  Hex/Necr       1%         N/A       91%         4
 Cause Fear               Hex            1%         N/A       91%         4
 Leda's Liquefaction      Hex/Erth       1%         N/A       91%         4
 Lee's Rapid Deconstruct  Erth           1%         3d4*      99%         5
 Dispersal                Tloc           1%         N/A       100%        6
 Plasma Beam              Fire/Air       1%         2x1d12    100%        6
 Starburst                Conj/Fire      6%         6d4       100%        6
 Enfeeble                 Hex            1%         N/A       100%        7
 Chain Lightning          Conj/Air       6%         3d8       100%        9
 Fire Storm               Conj/Fire      6%         8d2       100%        9
 Shatter                  Erth           1%         3d5*      100%        9


Dungeon Overview and Level Annotations

Branches:
Dungeon (10/15) Zot: 26868  Temple (0/1) D:5            Lair (1/5) D:9 Zot: 5499
    Orc (0/2) D:9         Ossuary (visited)

Altars:
Elyvilon
Gozag
Makhleb
Qazlal
Yredelemnul
Zin

Shops:
D:8 [

Annotations:
D:4 1 runed translucent door, Crazy Yiuf
D:6 2 transporters, Peloso's ghost, novice MiFi
D:10 Harold


Innate Abilities, Weirdness & Mutations

You have a beak for a mouth.
You have claws for feet.
Your magical nature lets you fly swiftly and evasively.


Message History

You closely miss the polar bear. Your kick misses the polar bear.
You peck the polar bear.
The polar bear is heavily wounded.
You hit the polar bear. You claw the polar bear.
The polar bear is severely wounded.
The polar bear goes berserk!
You hit the polar bear. You claw the polar bear.
The polar bear is severely wounded.
You barely miss the polar bear.
You claw the polar bear, but do no damage.
The polar bear is severely wounded.
The polar bear closely misses you. The polar bear misses you.
The polar bear claws you but does no damage.
You hit the polar bear.
You peck the polar bear, but do no damage.
The polar bear is almost dead.
The polar bear barely misses you. The polar bear claws you.
The polar bear claws you but does no damage.
You hit the polar bear.
You claw the polar bear, but do no damage.
The polar bear is almost dead.
You block the polar bear's attack. The polar bear closely misses you.
The polar bear claws you.
You hit the polar bear.
You claw the polar bear, but do no damage.
You peck the polar bear, but do no damage.
The polar bear is almost dead.
You hit the polar bear but do no damage.
The polar bear is almost dead.
The polar bear bites you!
* * * LOW HITPOINT WARNING * * *
The polar bear closely misses you. The polar bear completely misses you.
You hit the polar bear but do no damage.
You claw the polar bear.
The polar bear is almost dead.
The polar bear closely misses you. The polar bear misses you.
The polar bear claws you but does no damage.
You barely miss the polar bear. Your kick misses the polar bear.
You peck the polar bear, but do no damage.
The polar bear is almost dead.
You hit the polar bear but do no damage.
You claw the polar bear.
The polar bear is almost dead.
The polar bear bites you!
* * * LOW HITPOINT WARNING * * *
The polar bear claws you but does no damage. x2
You barely miss the polar bear. Your kick misses the polar bear.
The polar bear is almost dead.
The polar bear bites you!!
You die...

#.#.#######.....
#.##รท.8.........
##..#.............#
#P...8.>......8....
####..............#
###.8.##...#...#
###.#.#....[#
#....##....#.)
#..@##.....#..
##..#hh....#.# .#
#..###.#.....#..#
##)##....8...#..##
#.###...........###
##..##.....#.......#
#....#......##....##
#......#...##.....P#
#.................#


You could see 2 polar bears.

Vanquished Creatures
  Fannar (Lair:1)
  A two-headed ogre (D:9)
  Joseph (D:8)
  A black mamba (Lair:1)
  Maggie (D:7)
  A rime drake (Lair:1)
  3 komodo dragons (Lair:1)
  Sigmund (D:6)
  A wraith (D:9)
  Eustachio (D:5)
  14 yaks
  3 steam dragons
  3 vampire mosquitoes (D:8)
  Menkaure (D:5)
  2 wargs (D:9)
  A water moccasin (Lair:1)
  6 orc warriors
  A sky beast (D:7)
  3 black bears
  An ogre (D:6)
  5 centaurs
  A phantom (D:6)
  A kobold brigand (D:6)
  5 bullfrogs
  2 gnoll sergeants
  2 scorpions
  3 water moccasin zombies (Ossuary)
  4 wights (D:8)
  4 killer bees (D:9)
  A howler monkey (D:7)
  6 hounds
  3 jellies
  3 orc priests
  3 iguanas
  2 sleepcaps
  9 orc wizards
  3 mummies
  8 gnolls
  6 adders
  A shadow imp (D:8)
  2 white imps (D:8)
  An ufetubus (D:5)
  4 adder zombies (Ossuary)
  4 worms
  3 dart slugs
  31 orcs
  7 endoplasms
  3 giant cockroaches
  3 gnoll zombies (Ossuary)
  9 goblins
  5 hobgoblins
  2 quokkas (D:3)
  10 ball pythons
  A bat (D:3)
  4 frilled lizards
  3 hobgoblin zombies (Ossuary)
  12 kobolds
  5 kobold zombies (Ossuary)
  6 orc zombies (Ossuary)
  4 rats
238 creatures vanquished.

Vanquished Creatures (others)
  An orc wizard (D:7)
1 creature vanquished.

Grand Total: 239 creatures vanquished

Notes
Turn   | Place    | Note
-------+----------+-------------------------------------------
     0 | D:1      | GeoRichter the Tengu Reaver began the quest for the Orb.
     0 | D:1      | Reached XP level 1. HP: 12/12 MP: 4/4
     2 | D:1      | Noticed a demigod
     2 | D:1      | Noticed a meteoran
     4 | D:1      | Noticed a naga
     4 | D:1      | Noticed a vine stalker
     6 | D:1      | Noticed a tengu
     6 | D:1      | Noticed a minotaur
     8 | D:1      | Noticed an ogre
     8 | D:1      | Noticed a spriggan
    10 | D:1      | Noticed an armataur
    10 | D:1      | Noticed a vampire
    12 | D:1      | Noticed a formicid
    12 | D:1      | Noticed a draconian
    14 | D:1      | Noticed an octopode
    14 | D:1      | Noticed a ghoul
    17 | D:1      | Noticed an elf
    19 | D:1      | Noticed a human
    19 | D:1      | Noticed a demonspawn
    22 | D:1      | Noticed a troll
    24 | D:1      | Noticed a felid
    26 | D:1      | Noticed a merfolk
    28 | D:1      | Noticed a gargoyle
    28 | D:1      | Noticed a draconian
   335 | D:1      | Reached XP level 2. HP: 17/17 MP: 6/6
   487 | D:1      | Learned a level 2 spell: Momentum Strike
   585 | D:2      | Reached skill level 5 in Conjurations
   604 | D:2      | Reached XP level 3. HP: 21/21 MP: 7/7
   972 | D:2      | Reached XP level 4. HP: 20/21 MP: 9/9
  1051 | D:3      | Found a burning altar of Makhleb.
  1155 | D:3      | Became a worshipper of Makhleb the Destroyer
  1857 | D:3      | Found a white marble altar of Elyvilon.
  2124 | D:4      | Reached skill level 1 in Long Blades
  2152 | D:4      | Found a runed translucent door.
  2153 | D:4      | Noticed Crazy Yiuf
  2188 | D:4      | Gained mutation: Your magical nature lets you fly swiftly
                  | and evasively. [Tengu growth]
  2188 | D:4      | Reached XP level 5. HP: 28/30 MP: 10/10
  2332 | D:4      | Reached skill level 2 in Long Blades
  2401 | D:4      | Reached * piety under Makhleb
  2505 | D:4      | Noticed a black bear
  2515 | D:4      | Killed a black bear
  2516 | D:4      | Reached skill level 3 in Long Blades
  2516 | D:4      | Reached skill level 1 in Invocations
  2516 | D:4      | Reached XP level 6. HP: 25/35 MP: 8/11
  2803 | D:5      | Entered Level 5 of the Dungeon
  2877 | D:5      | Noticed a black bear
  2888 | D:5      | Killed a black bear
  2889 | D:5      | Reached skill level 4 in Long Blades
  3159 | D:5      | Found a staircase to the Ecumenical Temple.
  3203 | D:5      | Reached XP level 7. HP: 33/40 MP: 10/12
  3321 | D:5      | Noticed Eustachio
  3330 | D:5      | Killed Eustachio
  3331 | D:5      | Reached skill level 5 in Long Blades
  3438 | D:5      | Noticed Menkaure
  3450 | D:5      | Killed Menkaure
  3451 | D:5      | Reached skill level 6 in Long Blades
  3708 | D:5      | Reached XP level 8. HP: 20/38 MP: 4/13
  4095 | D:5      | Reached skill level 7 in Long Blades
  4304 | D:6      | Identified 2 scrolls of acquirement
  4304 | D:6      | Acquired the amulet of the Shining Light {RegenMP rN+
                  | Dex+5}
  4306 | D:6      | Acquired a +0 pair of gloves of dexterity
  4372 | D:6      | Noticed Sigmund
  4694 | D:6      | Reached skill level 8 in Long Blades
  4973 | D:6      | Reached skill level 5 in Invocations
  4978 | D:6      | Reached skill level 9 in Long Blades
  4978 | D:6      | Reached XP level 9. HP: 30/48 MP: 14/14
  5136 | D:6      | Killed Sigmund
  5197 | D:6      | Reached skill level 1 in Shields
  5271 | D:6      | Reached ** piety under Makhleb
  5297 | D:6      | Found a transporter.
  5300 | D:6      | Noticed Peloso's ghost (novice MiFi)
  5302 | D:6      | Noticed a two-headed ogre
  5306 | D:6      | Found a transporter.
  5743 | D:7      | Found a sand-covered staircase.
  5750 | Ossuary  | Entered an ossuary
  5865 | Ossuary  | Reached *** piety under Makhleb
  6060 | D:7      | Noticed Maggie
  6111 | D:7      | Killed Maggie
  6112 | D:7      | Reached skill level 10 in Long Blades
  6785 | D:8      | Found a stormy altar of Qazlal.
  6831 | D:8      | Reached XP level 10. HP: 46/56 MP: 15/15
  7064 | D:8      | Noticed Joseph
  7300 | D:8      | Killed Joseph
  7516 | D:8      | Reached skill level 11 in Long Blades
  7715 | D:8      | Found a basalt altar of Yredelemnul.
  7715 | D:8      | Found an opulent altar of Gozag.
  7716 | D:8      | Found a glowing silver altar of Zin.
  7753 | D:8      | Found Zeus's Dragon-Slaying Spoils.
  7861 | D:9      | Found a staircase to the Orcish Mines.
  8274 | D:9      | Reached skill level 5 in Dodging
  8330 | D:9      | Noticed a two-headed ogre
  8400 | D:9      | Killed a two-headed ogre
  8401 | D:9      | Reached skill level 5 in Fighting
  8489 | D:9      | Reached **** piety under Makhleb
  8604 | D:9      | Found a staircase to the Lair.
  8988 | D:10     | Entered Level 10 of the Dungeon
  8990 | D:10     | Noticed Harold
  9002 | D:10     | Reached XP level 11. HP: 61/64 MP: 17/17
  9032 | Lair:1   | Entered Level 1 of the Lair of Beasts
  9048 | D:9      | Reached skill level 12 in Long Blades
  9536 | Lair:1   | Noticed Fannar
  9564 | Lair:1   | Killed Fannar
  9565 | Lair:1   | Reached skill level 13 in Long Blades
  9765 | Lair:1   | Slain by a polar bear

Illustrated notes

Levels and vault maps discovered:
D:1:      kb_arrival_jail, layout_basic
D:2:      layout_rooms
D:3:      layout_loops_ring, bloody_makhleb, mainiacjoe_overflow_alcove_4,
          hex_medium, minmay_puff
D:4:      layout_basic, uniq_crazy_yiuf_cottage
D:5:      layout_loops_corners, temple_pool_b, nrook_mini_vaults, minivault_19,
          uniq_menkaure, uniq_eustachio
D:6:      layout_basic, gammafunk_ghost_smash, portal_sewer_entry_d,
          uniq_sigmund
D:7:      layout_basic, gup_ossuary_entry_pyramid, minmay_stone_trees_large,
          uniq_maggie
D:8:      layout_rooms, gammafunk_temple_overflow_claw,
          nicolae_qazlal_general_emergency, nicolae_shop_dragon_depot,
          uniq_joseph
D:9:      layout_loops_ring, erik_lair_orcish_takeover, orc_david_3
D:10:     layout_basic, serial_shops, nicolae_shop_rolling_square,
          chequers_serial_rivers_small_3, nicolae_two_hexagons, minivault_20,
          uniq_harold, uniq_lodul
Lair:1:   layout_gridlike, minivault_19, grunt_megastairs_1,
          serial_bayou_shore_b, uniq_fannar, uniq_sonja, uniq_nergalle

Skill      XL: |  1  2  3  4  5  6  7  8  9 10 11 |
---------------+----------------------------------+-----
Conjurations   | 5 6 |  6.0
Long Blades    | 1 3 4 6 9 10 11 13 | 13.0
Invocations    | 1 2 3 5 6 7 |  7.7
Shields        | 3 4 |  4.0
Dodging        | 4 5 6 |  6.9
Fighting       | 3 5 6 |  6.4
Polearms       | |  3.2
Spellcasting   | |  2.9

Action                     |  1- 3 |  4- 6 |  7- 9 | 10-12 || total
---------------------------+-------+-------+-------+-------++-------
  Melee: Spear             |    72 |       |       |       ||    72
         Kick              |    13 |    34 |   145 |   235 ||   427
         Peck              |     7 |    36 |    97 |   145 ||   285
         Punch             |     1 |       |       |       ||     1
         Short sword       |     8 |   142 |   378 |   465 ||   993
         Rapier            |       |       |     7 |    59 ||    66
   Cast: Kiss of Death     |     2 |     2 |    10 |     2 ||    16
         Momentum Strike   |       |     2 |     5 |       ||     7
 Invoke: Minor Destruction |       |       |     4 |    58 ||    62
  Evoke: Wand              |       |       |     2 |     2 ||     4
    Use: Scroll            |       |     3 |    11 |     1 ||    15
         Potion            |       |       |     1 |     3 ||     4
   Stab: Sleeping          |     1 |       |     2 |       ||     3
 Armour: Leather armour    |    12 |    15 |    11 |       ||    38
         Steam dragon scal |       |       |    38 |       ||    38
         Swamp dragon scal |       |       |     3 |    74 ||    77
  Dodge: Dodged            |    21 |    70 |   148 |   175 ||   414
  Block: Buckler           |     1 |     7 |    44 |    90 ||   142
